 Dungeon Crawl Stone Soup version 0.28-a0-1395-g4f6bc678fa (webtiles) character file.

Game seed: 1605530330520656714

1240 leviel the Cleaver (level 8, 0/66 (71) HPs)
             Began as a Hill Orc Fighter on Jan 4, 2022.
             Slain by a sky beast (3 damage)
             ... on level 6 of the Dungeon.
             The game lasted 00:04:01 (4535 turns).

leviel the Cleaver (Hill Orc Fighter)               Turns: 4535, Time: 00:04:01

HP:   0/66 (71)     AC:  8    Str: 21    XL:     8   Next: 49%
MP:   8/8           EV:  9    Int:  8    God:
Gold: 224           SH:  4    Dex: 10    Spells: 7/7 levels left

rFire   . . .      SeeInvis .   w - +3 war axe
rCold   . . .      Faith    .   c - +0 buckler
rNeg    . . .      Spirit   .   b - +0 scale mail
rPois   .          Reflect  .   (no helmet)
rElec   .          Harm     .   l - +0 cloak
rCorr   .          Rampage  .   (no gloves)
Will    .....                   (no boots)
Stlth   ..........              (no amulet)
HPRegen 0.21/turn               (no ring)
MPRegen 0.11/turn               (no ring)

@: drained
A: no striking features
a: no special abilities


You were on level 6 of the Dungeon.
You visited 1 branch of the dungeon, and saw 6 of its levels.

You collected 224 gold pieces.

Inventory:

Hand Weapons
 a - a +1 war axe
 w - a +3 war axe (weapon)
Armour
 b - a +0 scale mail (worn)
 c - a +0 buckler (worn)
 l - a +0 cloak (worn)
Jewellery
 f - a +4 ring of protection
Wands
 o - a wand of charming (12)
 s - a wand of digging (4)
Scrolls
 e - a scroll of blinking
 n - 7 scrolls of identify {@r1}
 q - a scroll of fog
 u - a scroll of teleportation
Potions
 d - a potion of might
 g - a potion of flight
 h - a potion of mutation {unknown}
 i - a potion of attraction {unknown}
 j - 2 potions of haste
 m - a potion of degeneration {unknown}
 p - 3 potions of heal wounds {unknown}
 r - a potion of lignification {unknown}
 v - a potion of berserk rage {unknown}


   Skills:
 + Level 6.9 Fighting
 * Level 9.4 Axes
 + Level 6.2 Armour
 - Level 4.0 Shields


You had 7 spell levels left.
You didn't know any spells.
Your spell library contained the following spells:

 Spells                   Type           Power      Damage    Failure   Level
 Animate Skeleton         Necr           0%         N/A       73%         1
 Foxfire                  Conj/Fire      0%         2x1d4     73%         1
 Pain                     Necr           0%         1d4       73%         1
 Conjure Flame            Conj/Fire      0%         6-21      97%         3
 Ignite Poison            Fire/Tmut/Pois 0%         N/A       97%         3
 Inner Flame              Hex/Fire       0%         N/A       97%         3
 Mephitic Cloud           Conj/Pois/Air  0%         N/A       97%         3
 Summon Guardian Golem    Hex/Summ       0%         N/A       97%         3
 Vampiric Draining        Necr           0%         2d6       97%         3
 Flame Wave               Conj/Fire      0%         2d4       100%        4
 Freezing Cloud           Conj/Ice/Air   0%         6-21      100%        5
 Orb of Destruction       Conj           0%         N/A       100%        7
 Spellforged Servitor     Conj/Summ      0%         N/A       100%        7


Dungeon Overview and Level Annotations

Branches:
Dungeon (6/15)
 Temple: D:4-7

Altars:

Annotations:
D:3 3 runed translucent doors, numlockpick's ghost, novice VSMo


Message History

You destroy the wight!
Things that are here:
a +0 mace; a +0 robe; a +0 giant club
Items here: )) [[.
Okay, then.
w - a +3 war axe (weapon)
Drop what? 23/52 slots (_ for help) (? for menu, Esc to quit)
Okay, then.
As you read the scroll labelled IRIKLONOFIF, it crumbles to dust.
Your body is wracked with pain!
* * * LOW HITPOINT WARNING * * *
It was a scroll of torment.
As you read the scroll labelled OFATER FYLOEC, it crumbles to dust.
You feel strangely unstable.
It was a scroll of teleportation.
You start resting.
Your surroundings suddenly seem different.
A sky beast comes into view.
Found an escape hatch in the ceiling.
A sky beast is nearby!
Okay, then.
You feel better.
The sky beast flickers out of sight!
Deactivating autopickup; reactivate with Ctrl-A.
You feel better. Something hits you but does no damage.
You barely miss something. Something hits you. Something shocks you.
You miss something. Something hits you but does no damage.
You closely miss something. Something hits you. Something shocks you.
* * * LOW HITPOINT WARNING * * *
You barely miss something. Something hits you but does no damage.
You miss something. Something hits you but does no damage.
You slash something! Something hits you.
* * * LOW HITPOINT WARNING * * *
Something shocks you.
* * * LOW HITPOINT WARNING * * *
You miss something. Something hits you.
* * * LOW HITPOINT WARNING * * *
Something shocks you.
* * * LOW HITPOINT WARNING * * *
You closely miss something. Something hits you.
You die...

##+####
#.....#
#.....#
#.....#
#.....#
+.....#
#@....#
#{....#
......#
#.........
#.........
#.........
#.......<.
#######...


There were no monsters in sight!

Vanquished Creatures
  A black bear (D:5)
  2 ogres
  4 scorpions
  A water moccasin zombie (D:4)
  A water moccasin skeleton (D:3)
  4 wights (D:6)
  A centaur zombie (D:4)
  2 hounds
  A bullfrog skeleton (D:4)
  4 iguanas
  2 scorpion zombies
  A hound zombie (D:4)
  A hound skeleton (D:4)
  2 howler monkey skeletons (D:4)
  7 adders
  A shadow imp (D:5)
  A white imp (D:6)
  An adder zombie (D:4)
  3 adder skeletons (D:4)
  A dart slug (D:3)
  6 orcs
  6 ball pythons
  4 endoplasms
  2 giant cockroaches
  7 hobgoblins
  6 kobolds
  6 quokkas
  3 bats
  A frilled lizard (D:1)
  4 goblins
  5 rats
91 creatures vanquished.

Vanquished Creatures (others)
  4 withered plants (D:4)
4 creatures vanquished.

Grand Total: 95 creatures vanquished

Notes
Turn   | Place    | Note
-------+----------+-------------------------------------------
     0 | D:1      | leviel the Hill Orc Fighter began the quest for the Orb.
     0 | D:1      | Reached XP level 1. HP: 19/19 MP: 1/1
   123 | D:1      | Reached skill level 3 in Axes
   282 | D:1      | Reached XP level 2. HP: 27/27 MP: 2/2
   860 | D:2      | Found a faded altar of an unknown god.
  1138 | D:2      | Reached XP level 3. HP: 33/33 MP: 3/3
  1602 | D:3      | Found a runed translucent gate.
  1602 | D:3      | Found a runed translucent gate.
  1602 | D:3      | Found a runed translucent gate.
  1633 | D:3      | Noticed numlockpick's ghost (novice VSMo)
  1690 | D:3      | Reached skill level 4 in Axes
  1693 | D:3      | Reached XP level 4. HP: 18/40 MP: 4/4
  1703 | D:3      | Reached XP level 5. HP: 10/47 MP: 5/5
  2116 | D:3      | Reached skill level 5 in Axes
  2352 | D:4      | Reached skill level 5 in Fighting
  2352 | D:4      | Reached XP level 6. HP: 40/56 MP: 6/6
  2452 | D:4      | Reached skill level 6 in Axes
  2716 | D:4      | Reached XP level 7. HP: 49/61 MP: 7/7
  2898 | D:4      | Reached skill level 7 in Axes
  2898 | D:4      | Reached skill level 5 in Armour
  3002 | D:4      | You fall into a shaft and drop 1 floor!
  3002 | D:5      | Entered Level 5 of the Dungeon
  3264 | D:5      | Reached skill level 8 in Axes
  3701 | D:5      | Reached XP level 8. HP: 53/70 MP: 8/8
  4370 | D:6      | Reached skill level 9 in Axes
  4534 | D:6      | HP: 3/66 [something (5)]
  4535 | D:6      | Slain by a sky beast

Illustrated notes

Levels and vault maps discovered:
D:1:      dpeg_arrival_short_road, layout_loops_ring, minmay_split_cup_small
D:2:      layout_basic, ebering_ecumenical_altar_rust
D:3:      layout_rooms, ebering_ghost_rock_garden
D:4:      layout_loops_ring, serial_undead, serial_undead_c, serial_undead_a,
          serial_undead_f, serial_undead_b, serial_undead_c, serial_undead_d,
          serial_undead_b, serial_undead_f, serial_undead_c, serial_undead_d
D:5:      layout_gridville, patterned_corridor
D:6:      layout_gridville

Skill      XL: |  1  2  3  4  5  6  7  8 |
---------------+-------------------------+-----
Axes           | 3 4 5 6 8 9 |  9.4
Fighting       | 4 5 6 |  6.9
Armour         | 4 5 6 |  6.2
Shields        | 4 |  4.0

Action                   |  1- 3 |  4- 6 |  7- 9 || total
-------------------------+-------+-------+-------++-------
Melee: War axe           |    65 |   109 |   101 ||   275
  Use: Scroll            |     7 |     3 |     2 ||    12
       Potion            |       |     1 |     2 ||     3
Armor: Scale mail        |    37 |    50 |    35 ||   122
Dodge: Dodged            |    38 |    36 |    47 ||   121
Block: Buckler           |    15 |    25 |    26 ||    66

Table legend: (Time is in decaauts)
 A = Elapsed time spent in this place.
 B = Non-inter-level travel time spent in this place.
 C = Inter-level travel time spent in this place.
 D = Time resting spent in this place.
 E = Time spent auto-exploring this place.
 F = Levels seen in this place.
 G = Mean time per level.
                   A        B        C        D        E       F      G
               +--------+--------+--------+--------+--------+-----+--------+
         Total |   4590 |   4465 |    125 |    382 |   3431 |   6 |  765.0 |
       Dungeon |   4590 |   4465 |    125 |    382 |   3431 |   6 |  765.0 |
               +--------+--------+--------+--------+--------+-----+--------+

Top non-repeatable levels by time:
     D:5: 1181 daAuts
     D:2: 801 daAuts
     D:1: 793 daAuts
     D:3: 730 daAuts
     D:4: 725 daAuts
     D:6: 358 daAuts
